| TOP OF THE 1ST |
|
Indianapolis Indians batting - Pitching for Oklahoma City 89ers : RHP Chris Whitt
|
|
Pitching: RHP Chris Whitt
|
|
|
Batting: SHB Julio Estrada
|
0-0: Swinging Strike 0-1: Called Strike 0-2: Ball 1-2: Ball 2-2: SINGLE (Line Drive, 78S, EV 91.3 MPH)
|
|
Batting: LHB Roberto Ruiz
|
0-0: Ball 1-0: Fly out, F4 (Flyball, 34D, EV 73.8 MPH)
|
|
Batting: RHB Luis Gonzalez
|
0-0: Swinging Strike 0-1: Ball Julio Estrada is caught stealing 2nd base 2-4 1-1: Ball 2-1: Ground out 3-1 (Groundball, 34S, EV 75.6 MPH)
|
| Top of the 1st over - 0 runs, 1 hit, 0 errors, 0 left on base; Indianapolis 0 - Oklahoma City 0 |
| BOTTOM OF THE 1ST |
|
Oklahoma City 89ers batting - Pitching for Indianapolis Indians : RHP Frank Pastore
|
|
Pitching: RHP Frank Pastore
|
|
|
Batting: RHB James Glenn
|
0-0: Called Strike 0-1: Ball 1-1: Ball 2-1: SINGLE (Groundball, 56, EV 79.4 MPH) (infield hit)
|
|
Batting: RHB John Christensen
|
0-0: Called Strike 0-1: Ball 1-1: Foul Ball, location: 2F 1-2: Ball 2-2: Strikes out swinging
|
|
Batting: RHB Cecil Fielder
|
0-0: Called Strike 0-1: Called Strike 0-2: Ball 1-2: Ground out 4-3 (Groundball, 4, EV 86.9 MPH) James Glenn to second
|
|
Batting: RHB Tim Tolman
|
Balk! James Glenn to third 0-0: Ball 1-0: Called Strike 1-1: Swinging Strike 1-2: Ball 2-2: Foul Ball, location: 2F 2-2: Ball 3-2: Foul Ball, location: 2F 3-2: Base on Balls
|
|
Batting: LHB Tom O'Malley
|
0-0: Called Strike 0-1: Swinging Strike 0-2: Foul Ball, location: 2F 0-2: Fielders Choice at 2nd, U4 (Groundball, 4M, EV 110.6 MPH)
|
| Bottom of the 1st over - 0 runs, 1 hit, 0 errors, 2 left on base; Indianapolis 0 - Oklahoma City 0 |
| TOP OF THE 2ND |
|
Indianapolis Indians batting - Pitching for Oklahoma City 89ers : RHP Chris Whitt
|
|
Batting: LHB Scott Radloff
|
0-0: Fly out, F7 (Flyball, 7LM, EV 82.5 MPH)
|
|
Batting: RHB Robert Bonnette
|
0-0: Ball 1-0: Ball 2-0: Called Strike 2-1: Ball 3-1: SINGLE (Groundball, 6M, EV 106.9 MPH) (infield hit)
|
|
Batting: RHB Tracy Cowger
|
0-0: Ball 1-0: Fly out, F9 (Flyball, 9, EV 73.1 MPH)
|
|
Batting: LHB James Baker
|
0-0: Called Strike 0-1: SINGLE (Line Drive, 7S, EV 96.3 MPH) Robert Bonnette to second
|
|
Batting: LHB David Bertulli
|
0-0: Ball 1-0: Ball 2-0: Ball 3-0: Base on Balls Robert Bonnette to third James Baker to second
|
|
Batting: RHB Frank Estrada
|
0-0: Swinging Strike 0-1: Ball 1-1: Fly out, F4 (Line Drive, 4, EV 74.4 MPH)
|
| Top of the 2nd over - 0 runs, 2 hits, 0 errors, 3 left on base; Indianapolis 0 - Oklahoma City 0 |
| BOTTOM OF THE 2ND |
|
Oklahoma City 89ers batting - Pitching for Indianapolis Indians : RHP Frank Pastore
|
|
Batting: RHB Richard Howard
|
0-0: Ball 1-0: Foul Ball, location: 2F 1-1: Ball 2-1: Ball 3-1: Swinging Strike 3-2: Foul Ball, location: 2F 3-2: Foul Ball, location: 2F 3-2: Base on Balls
|
|
Batting: RHB Nick Esasky
|
0-0: Ball 1-0: Foul Ball, location: 2F 1-1: Fly out, F8 (Flyball, 8RD, EV 91.3 MPH)
|
|
Batting: RHB Robert Bailey
|
0-0: Fly out, F8 (Flyball, 8RM, EV 76.3 MPH)
|
|
Batting: RHB Danny Jasso
|
0-0: Ball 1-0: Called Strike 1-1: Ball 2-1: Ground out 4-3 (Groundball, 4, EV 102.5 MPH)
|
| Bottom of the 2nd over - 0 runs, 0 hits, 0 errors, 1 left on base; Indianapolis 0 - Oklahoma City 0 |
| TOP OF THE 3RD |
|
Indianapolis Indians batting - Pitching for Oklahoma City 89ers : RHP Chris Whitt
|
|
Batting: SHB Julio Estrada
|
0-0: Ground out 6-3 (Groundball, 6, EV 86.3 MPH)
|
|
Batting: LHB Roberto Ruiz
|
0-0: Called Strike 0-1: Foul Ball, location: 2F 0-2: Ball 1-2: Foul Ball, location: 2F 1-2: Strikes out swinging
|
|
Batting: RHB Luis Gonzalez
|
0-0: Called Strike 0-1: SINGLE (Line Drive, 8RS, EV 112.5 MPH)
|
|
Batting: LHB Scott Radloff
|
0-0: Ball 1-0: Called Strike 1-1: Foul Ball, location: 2F 1-2: Strikes out looking
|
| Top of the 3rd over - 0 runs, 1 hit, 0 errors, 1 left on base; Indianapolis 0 - Oklahoma City 0 |
| BOTTOM OF THE 3RD |
|
Oklahoma City 89ers batting - Pitching for Indianapolis Indians : RHP Frank Pastore
|
|
Batting: RHB James Glenn
|
0-0: Ball 1-0: Called Strike 1-1: Foul Ball, location: 2F 1-2: Ball 2-2: Strikes out swinging
|
|
Batting: RHB John Christensen
|
0-0: Called Strike 0-1: Ball 1-1: SINGLE (Groundball, 6MD, EV 81.3 MPH) (infield hit)
|
|
Batting: RHB Cecil Fielder
|
0-0: Ball 1-0: Called Strike 1-1: Swinging Strike 1-2: Ball 2-2: Fly out, F4 (Flyball, 4D, EV 93.8 MPH)
|
|
Batting: RHB Tim Tolman
|
0-0: Foul Ball, location: 2F 0-1: Foul Ball, location: 2F 0-2: Ball 1-2: Ball 2-2: Foul Ball, location: 2F 2-2: Ball 3-2: Foul Ball, location: 2F 3-2: Base on Balls John Christensen to second
|
|
Batting: LHB Tom O'Malley
|
0-0: Ball 1-0: Ball 2-0: Ball 3-0: Base on Balls John Christensen to third Tim Tolman to second
|
|
Batting: RHB Richard Howard
|
0-0: Called Strike 0-1: Ball 1-1: Foul Ball, location: 2F 1-2: Ball 2-2: Ground out 4-3 (Groundball, 34, EV 103.1 MPH)
|
| Bottom of the 3rd over - 0 runs, 1 hit, 0 errors, 3 left on base; Indianapolis 0 - Oklahoma City 0 |
| TOP OF THE 4TH |
|
Indianapolis Indians batting - Pitching for Oklahoma City 89ers : RHP Chris Whitt
|
|
Batting: RHB Robert Bonnette
|
0-0: Swinging Strike 0-1: Ball 1-1: SINGLE (Line Drive, 8RS, EV 107.5 MPH)
|
|
Batting: RHB Tracy Cowger
|
0-0: Ball 1-0: Called Strike 1-1: Fielders Choice at 2nd, 6-4 (Groundball, 56, EV 86.9 MPH)
|
|
Batting: LHB James Baker
|
0-0: Called Strike 0-1: Ball 1-1: Ball 2-1: Ball 3-1: SINGLE (Line Drive, 6M, EV 96.3 MPH) Tracy Cowger to second Runner from 2nd tries for 3rd, SAFE, throw by CF made to third
|
|
Batting: LHB David Bertulli
|
0-0: Called Strike 0-1: Ball 1-1: Ball 2-1: Ground out U3 (Groundball, 3S, EV 81.9 MPH) James Baker to second
|
|
Batting: RHB Frank Estrada
|
0-0: Swinging Strike 0-1: Ball 1-1: Swinging Strike 1-2: Ball 2-2: Strikes out swinging
|
| Top of the 4th over - 0 runs, 2 hits, 0 errors, 2 left on base; Indianapolis 0 - Oklahoma City 0 |
| BOTTOM OF THE 4TH |
|
Oklahoma City 89ers batting - Pitching for Indianapolis Indians : RHP Frank Pastore
|
|
Batting: RHB Nick Esasky
|
0-0: Ball 1-0: Called Strike 1-1: Foul Ball, location: 2F 1-2: Foul Ball, location: 2F 1-2: Ground out 3-1 (Groundball, 34, EV 90.6 MPH)
|
|
Batting: RHB Robert Bailey
|
0-0: Ball 1-0: Called Strike 1-1: DOUBLE (Line Drive, 7LM, EV 103.8 MPH)
|
|
Batting: RHB Danny Jasso
|
0-0: Fly out, F7 (Flyball, 7, EV 93.1 MPH)
|
|
Batting: RHB James Glenn
|
0-0: Foul Ball, location: 2F 0-1: Called Strike 0-2: Ball 1-2: Ball 2-2: Ball 3-2: Fly out, F7 (Line Drive, 7, EV 91.9 MPH)
|
| Bottom of the 4th over - 0 runs, 1 hit, 0 errors, 1 left on base; Indianapolis 0 - Oklahoma City 0 |
| TOP OF THE 5TH |
|
Indianapolis Indians batting - Pitching for Oklahoma City 89ers : RHP Chris Whitt
|
|
Batting: SHB Julio Estrada
|
0-0: Ball 1-0: Ground out 3-1 (Groundball, 34, EV 81.3 MPH)
|
|
Batting: LHB Roberto Ruiz
|
0-0: Called Strike 0-1: Ball 1-1: Called Strike 1-2: Ground out U3 (Groundball, 3, EV 85.0 MPH)
|
|
Batting: RHB Luis Gonzalez
|
0-0: Foul Ball, location: 2F 0-1: Fly out, F7 (Flyball, 7LM, EV 83.8 MPH)
|
| Top of the 5th over - 0 runs, 0 hits, 0 errors, 0 left on base; Indianapolis 0 - Oklahoma City 0 |
| BOTTOM OF THE 5TH |
|
Oklahoma City 89ers batting - Pitching for Indianapolis Indians : RHP Frank Pastore
|
|
Batting: RHB John Christensen
|
0-0: Fly out, F4 (Popup, 4, EV 70.6 MPH)
|
|
Batting: RHB Cecil Fielder
|
0-0: Ball 1-0: SINGLE (Groundball, 6MD, EV 110.0 MPH)
|
|
Batting: RHB Tim Tolman
|
0-0: Grounds into double play, 6-4-3 (Groundball, 6, EV 83.1 MPH)
|
| Bottom of the 5th over - 0 runs, 1 hit, 0 errors, 0 left on base; Indianapolis 0 - Oklahoma City 0 |
| TOP OF THE 6TH |
|
Indianapolis Indians batting - Pitching for Oklahoma City 89ers : RHP Chris Whitt
|
|
Batting: LHB Scott Radloff
|
0-0: Ball 1-0: Ball 2-0: Called Strike 2-1: Ball 3-1: Foul Ball, location: 2F 3-2: Base on Balls
|
|
Batting: RHB Robert Bonnette
|
0-0: Ball 1-0: Called Strike 1-1: Ball 2-1: Swinging Strike 2-2: Ball 3-2: Strikes out swinging
|
|
Batting: RHB Tracy Cowger
|
0-0: Ball 1-0: Foul Ball, location: 2F 1-1: Fly out, F9 (Line Drive, 9, EV 105.0 MPH)
|
|
Batting: LHB James Baker
|
0-0: Ball Wild Pitch! Scott Radloff to second 1-0: Intentional Walk
|
|
Batting: LHB David Bertulli
|
0-0: Called Strike 0-1: Ground out U3 (Groundball, 3S, EV 85.0 MPH)
|
| Top of the 6th over - 0 runs, 0 hits, 0 errors, 2 left on base; Indianapolis 0 - Oklahoma City 0 |
| BOTTOM OF THE 6TH |
|
Oklahoma City 89ers batting - Pitching for Indianapolis Indians : RHP Frank Pastore
|
|
Batting: LHB Tom O'Malley
|
0-0: Ball 1-0: Called Strike 1-1: Ground out U3 (Groundball, 3, EV 100.6 MPH)
|
|
Batting: RHB Richard Howard
|
0-0: Foul Ball, location: 2F 0-1: Foul Ball, location: 2F 0-2: Ball 1-2: Ball 2-2: Ball 3-2: Base on Balls
|
|
Batting: RHB Nick Esasky
|
0-0: Ball 1-0: Called Strike Richard Howard steals 2nd base 1-1: Ball 2-1: Swinging Strike 2-2: Foul Ball, location: 2F 2-2: Foul Ball, location: 2F 2-2: Foul Ball, location: 2F 2-2: Foul Ball, location: 2F 2-2: Strikes out swinging
|
|
Batting: RHB Robert Bailey
|
0-0: Called Strike 0-1: Ball 1-1: Ball 2-1: Ball 3-1: Base on Balls
|
|
Batting: RHB Danny Jasso
|
0-0: Called Strike 0-1: Ball 1-1: Fielders Choice at 2nd, 5-4 (Groundball, 56, EV 108.1 MPH)
|
| Bottom of the 6th over - 0 runs, 0 hits, 0 errors, 2 left on base; Indianapolis 0 - Oklahoma City 0 |
| TOP OF THE 7TH |
|
Indianapolis Indians batting - Pitching for Oklahoma City 89ers : RHP Chris Whitt
|
|
Batting: RHB Frank Estrada
|
0-0: Swinging Strike 0-1: Swinging Strike 0-2: Strikes out swinging
|
|
Batting: SHB Julio Estrada
|
0-0: Ground out 6-3 (Groundball, 6, EV 83.1 MPH)
|
|
Batting: LHB Roberto Ruiz
|
0-0: Foul Ball, location: 2F 0-1: Swinging Strike 0-2: Ball 1-2: Ball 2-2: Foul Ball, location: 2F 2-2: Foul Ball, location: 2F 2-2: Fly out, F8 (Flyball, 8RS, EV 88.8 MPH)
|
| Top of the 7th over - 0 runs, 0 hits, 0 errors, 0 left on base; Indianapolis 0 - Oklahoma City 0 |
| BOTTOM OF THE 7TH |
|
Oklahoma City 89ers batting - Pitching for Indianapolis Indians : RHP Frank Pastore
|
|
Batting: RHB James Glenn
|
0-0: Ball 1-0: Swinging Strike 1-1: Ball 2-1: Ball 3-1: Base on Balls
|
|
Batting: RHB John Christensen
|
0-0: Called Strike 0-1: Ball 1-1: Ball 2-1: Ball 3-1: Base on Balls James Glenn to second
|
|
Batting: RHB Cecil Fielder
|
0-0: Ball 1-0: Ball 2-0: Called Strike 2-1: Grounds into double play, 6-4-3 (Groundball, 6, EV 81.9 MPH) James Glenn to third
|
|
Batting: RHB Tim Tolman
|
0-0: Ball 1-0: Fly out, F9 (Flyball, 9S, EV 92.5 MPH)
|
| Bottom of the 7th over - 0 runs, 0 hits, 0 errors, 1 left on base; Indianapolis 0 - Oklahoma City 0 |
| TOP OF THE 8TH |
|
Indianapolis Indians batting - Pitching for Oklahoma City 89ers : RHP Chris Whitt
|
|
Batting: RHB Luis Gonzalez
|
0-0: Ground out 5-3 (Groundball, 56, EV 97.5 MPH)
|
|
Batting: LHB Scott Radloff
|
0-0: Ground out 6-3 (Groundball, 6M, EV 87.5 MPH)
|
|
Batting: RHB Robert Bonnette
|
0-0: Called Strike 0-1: Ball 1-1: SINGLE (Line Drive, 89S, EV 104.4 MPH)
|
|
Batting: RHB Tracy Cowger
|
0-0: Ball 1-0: Fly out, F5 (Popup, 56, EV 63.1 MPH)
|
| Top of the 8th over - 0 runs, 1 hit, 0 errors, 1 left on base; Indianapolis 0 - Oklahoma City 0 |
| BOTTOM OF THE 8TH |
|
Oklahoma City 89ers batting - Pitching for Indianapolis Indians : RHP Frank Pastore
|
|
Batting: LHB Tom O'Malley
|
0-0: DOUBLE (Line Drive, 78XD, EV 98.8 MPH)
|
|
Batting: RHB Richard Howard
|
0-0: Ball 1-0: Called Strike 1-1: Ball 2-1: Ball 3-1: Base on Balls
|
|
Batting: RHB Nick Esasky
|
0-0: Foul Ball, location: 2F 0-1: Foul Ball, location: 2F 0-2: Fielders Choice at 2nd, 5-4 (Groundball, 56, EV 97.5 MPH) Tom O'Malley to third
|
|
Batting: RHB Robert Bailey
|
0-0: Ball 1-0: Ball 2-0: Ball 3-0: Called Strike 3-1: Foul Ball, location: 2F 3-2: SINGLE (Groundball, 4D, EV 95.6 MPH) Tom O'Malley scores Nick Esasky to second Nick Esasky to third
|
|
Batting: RHB Danny Jasso
|
Squeeze bunt is on, Nick Esasky is out 0-1: SINGLE (Groundball, 56, EV 96.3 MPH) Robert Bailey to second
|
|
Batting: RHB James Glenn
|
0-0: Ball 1-0: Fly out, F7 (Flyball, 7LS, EV 84.4 MPH)
|
| Bottom of the 8th over - 1 run, 3 hits, 0 errors, 2 left on base; Indianapolis 0 - Oklahoma City 1 |
| TOP OF THE 9TH |
|
Indianapolis Indians batting - Pitching for Oklahoma City 89ers : RHP Chris Whitt
|
|
Now at 2B: Gregory Pastors
|
|
|
Now in CF: Ron Tingley
|
|
|
Batting: LHB James Baker
|
0-0: Ball 1-0: Foul Ball, location: 2F 1-1: Foul Ball, location: 2F 1-2: Ball 2-2: Fly out, F6 (Popup, 15, EV 88.1 MPH)
|
|
Pinch Hitting: SHB Bobby Ball
|
0-0: Foul Ball, location: 2F 0-1: Ball 1-1: Foul Ball, location: 2F 1-2: Ball 2-2: Foul Ball, location: 2F 2-2: SINGLE (Groundball, 56D, EV 96.3 MPH)
|
|
Pinch Hitting: LHB Kevin Schoendienst
|
0-0: Ball 1-0: Ball 2-0: Called Strike 2-1: Fly out, F9 (Line Drive, 9, EV 90.0 MPH)
|
|
Batting: SHB Julio Estrada
|
0-0: SINGLE (Line Drive, 78M, EV 94.4 MPH) Bobby Ball to second Runner from 2nd tries for 3rd, SAFE, no throw by LF
|
|
Batting: LHB Roberto Ruiz
|
0-0: Called Strike 0-1: Foul Ball, location: 2F 0-2: Ball 1-2: Ball 2-2: Ball 3-2: Fly out, F8 (Flyball, 8RXD, EV 95.0 MPH)
|
| Top of the 9th over - 0 runs, 2 hits, 0 errors, 2 left on base; Indianapolis 0 - Oklahoma City 1 |
|